 Dungeon Sprint DCSS version 0.24-a0-250-g6074511092 (webtiles) character file.

Game seed: 17409948626446435051

48 Redear the Ruffian (level 6, -1/60 HPs)
             Began as a Ghoul Gladiator on Apr 15, 2019.
             Slain by a hellwing (8 damage)
             ... in the Dungeon (Sprint VI: "Thunderdome").
             The game lasted 00:03:30 (327 turns).

Redear the Ruffian (Ghoul Gladiator)                 Turns: 327, Time: 00:03:30

Health: -1/60      AC:  5    Str: 20 (21) XL:     6   Next: 39%
Magic:  5/5        EV: 15    Int:  2 (3)  God:
Gold:   100        SH:  5    Dex: 14 (17) Spells: 5/5 levels left

rFire    x . .     SeeInvis .     - Unarmed
rCold    + . .     Gourm    .   (no shield)
rNeg     + + +     Faith    .   a - +0 leather armour
rPois    ∞         Spirit   .   b - +0 helmet
rElec    +         Reflect  +   (no cloak)
rCorr    .         Harm     .   (no gloves)
MR       .....     NoTele   +   (no boots)
Stlth    +++.......             l - amulet "Reysibbu" {Reflect SH+5 Stlth+}
HPRegen  0.00/turn              j - ring of Miexkum {AC+4 Str+3}
MPRegen  0.09/turn              k - ring of Irrepressible Laughter {rElec rF- rN+ Dex+5 Stlth+}

@: corroded, rotting
A: rotting body, claws 1, carnivore, cold resistance 1, negative energy
resistance 3, inhibited regeneration, torment resistance, unbreathing
a: no special abilities


You were in the Dungeon.
You were not hungry.

You visited 1 branch You collected 280 gold pieces.
You spent 180 gold pieces at shops.

Inventory:

Missiles
 Z - 3 throwing nets (quivered) {+f}
Armour
 a - a +0 leather armour (worn)
 b - a +0 helmet (worn)
Jewellery
 g - the amulet "Maegux" {Gourm +Fly rN+ Str-3 Int+2}
   (You bought it in a shop in the Dungeon)

   [amulet of the gourmand]

   It allows you to eat raw meat even when not hungry.
   It affects your strength (-3).
   It affects your intelligence (+2).
   It protects you from negative energy.
   It lets you fly.
 j - the ring of Miexkum (left claw) {AC+4 Str+3}
   (You bought it in a shop in the Dungeon)

   [ring of protection]

   It affects your AC (+4).
   It affects your strength (+3).
 k - the ring of Irrepressible Laughter (right claw) {rElec rF- rN+ Dex+5 Stlth+}
   (You bought it in a shop in the Dungeon)

   [ring of positive energy]

   It affects your dexterity (+5).
   It makes you vulnerable to fire.
   It insulates you from electricity.
   It protects you from negative energy.
   It makes you more stealthy.
 l - the amulet "Reysibbu" (around neck) {Reflect SH+5 Stlth+}
   (You bought it in a shop in the Dungeon)

   [amulet of reflection]

   It shields you and reflects attacks.
   It affects your SH (+5).
   It makes you more stealthy.
Wands
 A - a wand of acid (2)
 I - a wand of iceblast (5)
Scrolls
 d - 3 scrolls of fog
 B - 4 scrolls of blinking {@r4}
Potions
 c - a potion of resistance {rF+ rC+ rPois rElec rCorr}
 f - 2 potions of heal wounds {@q1}
 h - 2 potions of magic
 i - a potion of berserk rage
 H - 3 potions of haste {@q5}
 Q - a potion of curing {@q2}
Comestibles
 z - a ration


   Skills:
 + Level 7.4 Fighting
 - Level 1.7 Throwing
 + Level 5.7 Armour
 + Level 6.5 Dodging
 + Level 7.8 Unarmed Combat
 + Level 0.0 Evocations


You had 5 spell levels left.
You didn't know any spells.
Your spell library was empty.

Dungeon Overview and Level Annotations

Branches:
Dungeon (1/1)

Altars:
Cheibriados
Dithmenos
Fedhas
Gozag
Kikubaaqudgha
Makhleb
Okawaru
Qazlal
Ru
Sif Muna
Trog
Uskayaw
Vehumet
Wu Jian
Xom
Yredelemnul
Zin
The Shining One
Beogh
Jiyva
Lugonu

Shops:
D *[%??*?*:[((!!!!


Innate Abilities, Weirdness & Mutations

Your body is rotting away.
You thrive on raw meat.
You are immune to poison.
You have sharp fingernails.
You are carnivorous and can eat meat at any time.
Your flesh is cold resistant. (rC+)
You are immune to negative energy. (rN+++)
You do not regenerate when monsters are visible.
You are immune to unholy pain and torment.
You can survive without breathing.


Message History

You scratch the rust devil but do no damage.
The rust devil is heavily wounded.
The hellwing swoops through the air toward you!
The hellwing completely misses you. The hellwing closely misses you.
You scratch the rust devil.
The rust devil is heavily wounded.
The rust devil hits you!
* * * LOW HITPOINT WARNING * * *
The rust devil corrodes you!
You take 7 damage, and have 16/60 hp.
The hellwing hits you.
* * * LOW HITPOINT WARNING * * *
The hellwing closely misses you.
You take 2 damage, and have 14/60 hp. 10...
You feel yourself slow down. The hellwing closely misses you.
The hellwing hits you!
* * * LOW HITPOINT WARNING * * *
You take 7 damage, and have 7/60 hp.
The hellwing barely misses you. The hellwing hits you!
You die...

#∩.......∩# #_......._#
#_......._# #_......._#
###.....÷...### #⌠...........⌠#
######.8.........8.######
##∩___......###÷.....__.∩##
###∩........8@# #.8........∩##
#............4###.............
#⌠.........4###...###..........
#⌠..........# #4<.# #..........
#⌠..........###...###..........
##............4###.............
###∩........8.# #.8........∩##
##∩.__......###......__.∩##
######.8.........8.######


You could see an orange demon and 2 hellwings.

Vanquished Creatures
  Grinder (D)
  2 quasits (D)
  2 river rats (D)
  2 shadow imps (D)
  2 quokkas (D)
  A rat (D)
10 creatures vanquished.

Notes
Turn   | Place    | Note
-------+----------+-------------------------------------------
     0 | D        | Redear the Ghoul Gladiator began the quest for the Orb.
     0 | D        | Reached XP level 1. HP: 17/17 MP: 0/0
     1 | D        | Found a hide-covered altar of Uskayaw.
     1 | D        | Found a blossoming altar of Fedhas.
     2 | D        | Found a viscous altar of Jiyva.
     2 | D        | Found a shadowy altar of Dithmenos.
     3 | D        | Found a bloodstained altar of Trog.
     3 | D        | Found a sacrificial altar of Ru.
     4 | D        | Found a deep blue altar of Sif Muna.
     4 | D        | Found a burning altar of Makhleb.
     4 | D        | Found Eraolu's Staff Store.
     4 | D        | Found Afour's Magic Scroll Shop.
     5 | D        | Found Arghudec's Must-Have Magic.
     5 | D        | Found Ireigu Bypyd's Magic Scroll Shop.
     5 | D        | Round 1.
     9 | D        | Found an opulent altar of Gozag.
    10 | D        | Found a radiant altar of Vehumet.
    11 | D        | Found a glowing silver altar of Zin.
    23 | D        | Found Borau's Delicious Food.
    25 | D        | Found a basalt altar of Yredelemnul.
    25 | D        | Found a corrupted altar of Lugonu.
    25 | D        | Found Cuenerph's Identification Station.
    26 | D        | Found Poit's Jewellery.
    26 | D        | Found Ciluda's Advanced Armour.
    56 | D        | Found a glowing golden altar of the Shining One.
    57 | D        | Found a roughly hewn altar of Beogh.
    58 | D        | Found a shimmering altar of Xom.
    62 | D        | Reached skill level 3 in Fighting
    62 | D        | Reached skill level 1 in Armour
    62 | D        | Reached skill level 3 in Dodging
    62 | D        | Reached skill level 4 in Unarmed Combat
    62 | D        | Reached XP level 2. HP: 16/26 MP: 1/1
    63 | D        | Found an iron altar of Okawaru.
    63 | D        | Found an ancient bone altar of Kikubaaqudgha.
    63 | D        | Found an ornate altar of the Wu Jian Council.
    63 | D        | Found Itail's Premium Goods.
    63 | D        | Found Zysk's Weapon Rack.
    69 | D        | Found Hirphous's Miscellaneous Merchandise.
    69 | D        | Found Xoiskun's Basic Armour.
    75 | D        | Found a stormy altar of Qazlal.
    76 | D        | Found a snail-covered altar of Cheibriados.
    78 | D        | Found Hal Uxaz's Do-It-Yourself Clinic.
    79 | D        | Found Nydenuc's Bottled Wisdom.
    79 | D        | Found Yplawk's Distillery.
    79 | D        | Found Buler's Distillery.
    91 | D        | Reached skill level 2 in Armour
   103 | D        | Arena points: 12 (+12) [x2]
   127 | D        | Round 2.
   137 | D        | Noticed Grinder
   156 | D        | Killed Grinder
   156 | D        | Reached skill level 6 in Fighting
   156 | D        | Reached skill level 5 in Armour
   156 | D        | Reached skill level 6 in Dodging
   156 | D        | Reached skill level 7 in Unarmed Combat
   156 | D        | Reached XP level 3. HP: 32/38 MP: 2/2
   156 | D        | Reached XP level 4. HP: 38/45 MP: 3/3
   156 | D        | Reached XP level 5. HP: 43/51 MP: 4/4
   156 | D        | Reached XP level 6. HP: 49/58 MP: 5/5
   158 | D        | Reached skill level 7 in Fighting
   184 | D        | Bought a coiled bone amulet for 45 gold pieces
   184 | D        | Bought a pitted granite ring for 45 gold pieces
   184 | D        | Bought a pitted glass ring for 45 gold pieces
   184 | D        | Identified the amulet "Maegux" {Gourm +Fly rN+ Str-3 Int+2}
                  | (You bought it in a shop in the Dungeon)
   185 | D        | Identified the ring of Miexkum {AC+4 Str+3} (You bought it
                  | in a shop in the Dungeon)
   186 | D        | Identified the ring of Irrepressible Laughter {rElec rF-
                  | rN+ Dex+5 Stlth+} (You bought it in a shop in the Dungeon)
   188 | D        | Bought a bound bone amulet for 45 gold pieces
   188 | D        | Identified the amulet "Reysibbu" {Reflect SH+5 Stlth+} (You
                  | bought it in a shop in the Dungeon)
   216 | D        | Arena points: 48 (+36) [x3]
   251 | D        | Round 3.
   252 | D        | Noticed a hellwing
   252 | D        | Noticed a hellwing
   258 | D        | Noticed an orange demon
   259 | D        | Noticed a rust devil
   262 | D        | Noticed a hellwing
   268 | D        | Noticed an ice devil
   327 | D        | Slain by a hellwing

Levels and vault maps discovered:
D:        arena_sprint

Skill      XL: |  1  2  3  4  5  6 |
---------------+-------------------+-----
Fighting       | 3 6 7 |  7.4
Armour         | 1 5 |  5.7
Dodging        | 3 6 |  6.5
Unarmed Combat | 4 7 |  7.8
Throwing       | |  1.7

Action                   |  1- 3 |  4- 6 || total
-------------------------+-------+-------++-------
Melee: Unarmed           |    26 |    39 ||    65
Evoke: Wand              |     3 |       ||     3
  Use: Potion            |     1 |     3 ||     4
  Eat: Chunk             |     3 |       ||     3
Armor: Leather armour    |     8 |    12 ||    20
Dodge: Dodged            |    13 |    44 ||    57
Block: Other             |       |     9 ||     9

Table legend:
 A = Non-vault XP
 B = Vault XP
 C = Vault XP percentage of total XP
 D = Non-vault monster count
 E = Vault monster count
 F = Vault count percentage of total count
                 A         B        C        D         E       F
            +---------+---------+-------+---------+---------+-------
      Total |     438 |       0 |   0.0 |      10 |       0 |   0.0
            +---------+---------+-------+---------+---------+-------
          D |     438 |       0 |   0.0 |      10 |       0 |   0.0
            +---------+---------+-------+---------+---------+-------
